 Dungeon Crawl Stone Soup version 0.30-a0-528-g8c47a4955b (webtiles) character file.

Game seed: 9478301972624626510

27 Shayle the Conjurer (level 2, -2/23 HPs)
             Began as a Demonspawn Reaver on Dec 23, 2022.
             Slain by a goblin
             ... wielding a +0 club
             ... led by Robin
              (3 damage)
             ... on level 2 of the Dungeon.
             The game lasted 00:03:05 (891 turns).

Shayle the Conjurer (Demonspawn Reaver)              Turns: 891, Time: 00:03:06

Health: -2/23      AC:  3    Str: 12    XL:     2   Next: 93%
Magic:  5/5        EV: 12    Int: 14    God:
Gold:   77         SH:  0    Dex: 17    Spells: 4/5 levels left

rFire   . . .      SeeInvis .    a - +0 spear
rCold   . . .      Faith    .    (no shield)
rNeg    . . .      Spirit   .    b - +0 leather armour
rPois   .          Reflect  .    (no helmet)
rElec   .          Harm     .    (no cloak)
rCorr   .          Rampage  .    (no gloves)
Will    .....                    (no boots)
Stlth   ++                       (no amulet)
HPRegen 0.23/turn                l - +6 ring of dexterity
MPRegen 0.09/turn                (no ring)

@: flying
A: foul stench 1
a: no special abilities


You were on level 2 of the Dungeon.
You visited 1 branch of the dungeon, and saw 2 of its levels.

You collected 77 gold pieces.

Inventory:

Hand Weapons
 a - a +0 spear (weapon)
Armour
 b - a +0 leather armour (worn)
 i - an orb of guile
Jewellery
 l - a +6 ring of dexterity (left hand)
Scrolls
 d - a scroll of brand weapon {unknown}
 e - 2 scrolls of fear {unknown}
 g - a scroll of teleportation {unknown}
 h - a scroll of fog {unknown}
Potions
 c - a potion of cancellation {unknown}
 f - a potion of brilliance {unknown}
 k - a potion of berserk rage {unknown}


   Skills:
 + Level 2.4 Fighting
 + Level 3.0 Polearms
 + Level 1.0 Armour
 - Level 1.7 Dodging
 + Level 1.1 Stealth
 - Level 2.0 Spellcasting
 - Level 3.0 Conjurations


You had 4 spell levels left.
You knew the following spells:

 Your Spells              Type           Power      Damage    Failure   Level
a - Kiss of Death         Conj/Necr      20%        2d7       16%         1

Your spell library contained the following spells:

 Spells                   Type           Power      Damage    Failure   Level
 Momentum Strike          Conj/Tloc      10%        3d8       24%         2
 Sublimation of Blood     Necr           1%         N/A       41%         2
 Wereblood                Tmut           1%         N/A       41%         2
 Hailstorm                Conj/Ice       5%         3d4       43%         3
 Summon Hydra             Summ           0%         N/A       100%        7


Dungeon Overview and Level Annotations

Branches:
Dungeon (2/15)

Altars:

Annotations:
D:2 Robin


Innate Abilities, Weirdness & Mutations

You may rarely emit foul miasma when damaged in melee.


Message History

The hobgoblin moves out of view.
Things that are here:
a +0 dagger; a goblin corpse The goblin attacks as you move away!
The goblin hits you but does no damage. The goblin barely misses you.
The hobgoblin barely misses you. The goblin barely misses you.
The goblin attacks as you move away! The goblin hits you with a +0 club.
The goblin attacks as you move away! The goblin hits you but does no damage.
The goblin attacks as you move away! The goblin hits you with a +0 club.
There is an open door here.
The goblin attacks as you move away! The goblin completely misses you.
You aren't carrying any items that you can evoke.
The goblin attacks as you move away! The goblin misses you.
The goblin attacks as you move away! The goblin hits you with a +0 club.
Robin roars a battlecry!
The goblins go into a battle-frenzy!
The hobgoblin hits you. The goblin attacks as you move away!
The goblin hits you with a +0 club.
There is a large open door here.
Robin roars a battlecry!
The goblins go into a battle-frenzy!
The hobgoblin attacks as you move away! The hobgoblin misses you.
It was a potion of flight.
You feel very buoyant.
You fly up into the air.
The goblin hits you but does no damage. The hobgoblin hits you.
The goblin attacks as you move away! The goblin barely misses you.
You see here a rat corpse.
Robin says, "Bow before me, strongest of all the hobgoblins!"
There is a large open door here.
Things that are here:
a +0 dagger; 6 stones The hobgoblin no longer looks unusually strong.
Robin throws the goblin at you! The goblin hits you with a +0 club.
* * * LOW HITPOINT WARNING * * *
The goblin attacks as you move away! The goblin barely misses you.
The goblin hits you with a +0 club.
* * * LOW HITPOINT WARNING * * *
The goblin attacks as you move away! The goblin hits you with a +0 club.
You die...

####### ##.....# ##..##''##
#..##~..~## ####.##~~..~~##
.....#~~g.~~~~################
.....'...≈.~.†)..........†...#
.....'..~.≈gggggg###########.#
.....#~~~~.~~~##@# ###.#
.....##~~..~~###.# ####.#.#
.....###~..~## #.# #......#
.#.### ##''## #.######......#
.#.. ...... ..............##
.#### ###### #.######.........
g# ..#..............< .
###......######### ##
#<.......... .


You could see 4 hobgoblins and 2 goblins.

Vanquished Creatures
  A dart slug (D:1)
  2 ball pythons
  7 goblins
  3 hobgoblins (D:1)
  2 jackals (D:1)
  A quokka (D:2)
  A bat (D:1)
  3 frilled lizards
  A kobold (D:1)
  2 rats
23 creatures vanquished.

Notes
Turn   | Place    | Note
-------+----------+-------------------------------------------
     0 | D:1      | Shayle the Demonspawn Reaver began the quest for the Orb.
     0 | D:1      | Reached XP level 1. HP: 16/16 MP: 3/3
   102 | D:1      | Gained mutation: You may rarely emit foul miasma when
                  | damaged in melee. [demonic ancestry]
   102 | D:1      | Reached XP level 2. HP: 14/22 MP: 5/5
   339 | D:1      | Reached skill level 1 in Stealth
   865 | D:2      | Reached skill level 1 in Armour
   865 | D:2      | Noticed Robin
   890 | D:2      | HP: 1/23 [goblin/+0 club[Robin] (5)]
   891 | D:2      | Slain by a goblin

Illustrated notes

Levels and vault maps discovered:
D:1:      wander_arrival_estate, layout_loops_cross
D:2:      layout_basic, kennysheep_generic_room_3, uniq_robin

Skill      XL: |  1  2 |
---------------+-------+-----
Stealth        | 1 |  1.1
Polearms       | 3 |  3.0
Armour         | 1 |  1.0
Fighting       | |  2.4
Dodging        | |  1.7
Spellcasting   | |  2.0
Conjurations   | |  3.0

Action                   || total
-------------------------++-------
Melee: Spear             ||    81
       Punch             ||     1
  Use: Potion            ||     1
 Stab: Sleeping          ||     1
Armor: Leather armour    ||    22
Dodge: Dodged            ||    46

Table legend: (Time is in decaauts)
 A = Elapsed time spent in this place.
 B = Non-inter-level travel time spent in this place.
 C = Inter-level travel time spent in this place.
 D = Time resting spent in this place.
 E = Time spent auto-exploring this place.
 F = Levels seen in this place.
 G = Mean time per level.
                   A        B        C        D        E       F      G
               +--------+--------+--------+--------+--------+-----+--------+
         Total |    887 |    869 |     18 |     35 |    583 |   2 |  443.5 |
       Dungeon |    887 |    869 |     18 |     35 |    583 |   2 |  443.5 |
               +--------+--------+--------+--------+--------+-----+--------+

Top non-repeatable levels by time:
     D:1: 636 daAuts
     D:2: 251 daAuts
